 Dungeon Sprint DCSS version 0.30-a0-996-ga6910c8ee8 (webtiles) character file.

Game seed: 11909183023560038356

614 DiggyJ the Nimble (level 7, -5/78 HPs)
             Began as a Troll Berserker on Apr 5, 2023.
             Was an Elder of Trog.
             Slain by a merfolk
             ... wielding a +0 trident
              (9 damage)
             ... in the Dungeon (Sprint V: "Ziggurat Sprint").
             The game lasted 00:04:31 (234 turns).

DiggyJ the Nimble (Troll Berserker)                  Turns: 234, Time: 00:04:33

Health: -5/78      AC:  5    Str: 40    XL:     7   Next: 20%
Magic:  6/6        EV: 12    Int:  3    God:    Trog [****..]
Gold:   0          SH:  0    Dex:  9    Spells: 6/6 levels left

rFire   . . .      SeeInvis .      - Unarmed
rCold   . . .      Faith    .    (no shield)
rNeg    . . .      Spirit   .    a - +0 animal skin
rPois   +          Reflect  .    (helmet restricted)
rElec   .          Rampage  .    m - +0 cloak {rPois}
rCorr   .          NoTele   +    (gloves unavailable)
Will    .....                    (boots unavailable)
Stlth   +                        (no amulet)
HPRegen 1.13/turn                w - +6 ring of strength
MPRegen 0.10/turn                x - +6 ring of strength

@: invisible
A: large, unfitting armour, claws 3, regeneration 1, shaggy fur 1, tough skin 1
a: Renounce Religion, Berserk, Trog's Hand, Brothers in Arms


You were in the Dungeon.
You worshipped Trog.
Trog was greatly pleased with you.
You visited 1 branch

Inventory:

Hand Weapons
 z - the +11 war axe of the Mashing Scavenger {heavy, MP+9}
   (You found it in the Dungeon)

   MP:        It affects your magic capacity (+9).
Armour
 a - a +0 animal skin (worn)
 m - a +0 cloak of poison resistance (worn)
Jewellery
 r - a ring of flight
 s - a +6 ring of dexterity
 t - a +6 ring of dexterity
 u - a +6 ring of intelligence
 v - a +6 ring of intelligence
 w - a +6 ring of strength (left claw)
 x - a +6 ring of strength (right claw)
 y - a ring of ice
Wands
 h - a wand of mindburst (6)
 j - a wand of acid (6)
Scrolls
 g - 4 scrolls of blinking
 o - 7 scrolls of fog
 p - 5 scrolls of identify
 q - 2 scrolls of fear
 A - a scroll of brand weapon
Potions
 b - 10 potions of curing
 d - 6 potions of haste
 e - 7 potions of magic
 f - 2 potions of berserk rage
 k - a potion of invisibility
 l - 4 potions of resistance
 n - 5 potions of might


   Skills:
 + Level 7.1 Fighting
 + Level 9.9 Dodging
 + Level 8.5 Unarmed Combat
 + Level 0.8 Evocations


You had 6 spell levels left.
You didn't know any spells.
Your spell library contained the following spells:

 Spells                   Type           Power      Damage    Failure   Level
 Hailstorm                Conj/Ice       0%         3d3       88%         3
 Vampiric Draining        Necr           0%         2d6       88%         3
 Anguish                  Hex/Necr       0%         N/A       99%         4
 Animate Dead             Necr           0%         N/A       99%         4
 Summon Mana Viper        Hex/Summ       0%         N/A       100%        5
 Death's Door             Necr           0%         N/A       100%        9


Dungeon Overview and Level Annotations

Branches:
Dungeon (1/1)

Altars:
Ashenzari
Cheibriados
Dithmenos
Elyvilon
Fedhas
Gozag
Hepliaklqana
Kikubaaqudgha
Makhleb
Nemelex Xobeh
Okawaru
Qazlal
Ru
Sif Muna
Trog
Uskayaw
Vehumet
Wu Jian
Xom
Yredelemnul
Zin
The Shining One
Jiyva
Lugonu

Annotations:
D 1 transporter


Innate Abilities, Weirdness & Mutations

You are too large for most types of armour.
You have claws for hands.
Your natural rate of healing is unusually fast.
You are covered in fur. (AC +1)
You have tough skin. (AC +1)


Message History

The mass of ice explodes!
The iceblast engulfs the merfolk!
The merfolk is heavily wounded.
The iceblast engulfs the merfolk.
The merfolk is heavily wounded.
The iceblast engulfs the merfolk!
The merfolk is severely wounded.
The iceblast engulfs the merfolk!
The merfolk is heavily wounded.
The merfolk completely misses you. The merfolk closely misses you.
The merfolk hits you from afar with a +0 trident!
Aiming: Iceblast
Press: ? - help, Q - select action, (/) - cycle Shift-Dir - straight line, f - merfolk, p - merfolk
Aim: a merfolk, wielding a +0 trident and quivering boomerangs (heavily wounded)
The mass of ice explodes!
The iceblast engulfs the merfolk!
The merfolk is severely wounded.
The iceblast engulfs the merfolk!
The merfolk is heavily wounded.
The iceblast engulfs the merfolk!
The merfolk is severely wounded.
The iceblast engulfs the merfolk!
The merfolk is almost dead.
The iceblast engulfs the merfolk!
The merfolk is severely wounded.
The now-empty wand crumbles to dust.
The merfolk throws a boomerang.
The boomerang barely misses you.
The merfolk hits you from afar with a +0 trident!
The merfolk hits you from afar with a +0 trident.
You feel much better. The merfolk barely misses you.
The merfolk throws a boomerang.
The boomerang hits you!
The merfolk hits you from afar with a +0 trident!
The merfolk throws a boomerang.
The boomerang hits you!
You feel much better. The merfolk barely misses you.
The merfolk hits you from afar with a +0 trident!
The merfolk hits you from afar with a +0 trident!!
The merfolk hits you from afar with a +0 trident!
You fade into invisibility!
The merfolk hits you from afar with a +0 trident!!
* * * LOW HITPOINT WARNING * * *
The merfolk hits you from afar with a +0 trident!
You die...

▓..©..▓..©..▓▓▓▓▓▓▓
▓▓▓▓▓▓▓▓▓▓▓▓▓▓▓▓▓▓▓
▓..8©8...▓..8©8...▓
▓..).....▓..)))...▓
▓...)....▓..[.:...▓
▓........▓...m....▓
▓........▓.mmmm...▓
▓.▓....▓.▓.▓....▓.▓
▓...©....▓...@....▓
▓▓▓▓▓▓▓▓▓▓▓▓▓▓▓▓▓▓▓


You could see 5 merfolk.

Vanquished Creatures
  A tarantella (D)
  A yak (D)
  An ice beast (D)
  A bullfrog (D)
  A scorpion (D)
  An iguana (D)
  3 mummies (D)
  A jackal (D)
  2 ball python simulacra (D)
  A bat simulacrum (D)
13 creatures vanquished.

Notes
Turn   | Place    | Note
-------+----------+-------------------------------------------
     0 | D        | DiggyJ the Troll Berserker began the quest for the Orb.
     0 | D        | Reached XP level 1. HP: 22/22 MP: 0/0
     0 | D        | Found a shimmering blue altar of Sif Muna.
     0 | D        | Found a bloodstained altar of Trog.
     0 | D        | Found a sacrificial altar of Ru.
     0 | D        | Found a stormy altar of Qazlal.
     0 | D        | Found an iron altar of Okawaru.
     4 | D        | Found a sparkling altar of Nemelex Xobeh.
     4 | D        | Found the +6 Majin-Bo {spellvamp, MP+6 Int+6}
     4 | D        | Found the +27 heavy crossbow "Sniper" {heavy, Acc+∞ SInv}
     4 | D        | Found the +10 dark maul {heavy}
     4 | D        | Found the +15 Maxwell's patent armour {-Cast -Tele rElec
                  | Will+ rCorr}
     4 | D        | Found the +18 shield of the Gong {Loud rN+ Will+ rCorr
                  | EV-5}
     4 | D        | Found the +16 obsidian axe {drain, demonic, Mesm Drain Fly
                  | SInv}
     4 | D        | Found the +7 great mace "Firestarter" {flame, inner flame,
                  | rFlCloud rF++}
     4 | D        | Found the +6 shillelagh "Devastator" {shatter}
     4 | D        | Found the +11 plutonium sword {Contam Stlth-}
     4 | D        | Found the +8 lance "Wyrmbane" {slay drac, rPois rF+ rC+
                  | AC+3}
     4 | D        | Found the +9 sword of Zonguldrok {reap}
     4 | D        | Found the +13 scythe of Curses {drain, curses, Drain}
     4 | D        | Found the +9 sword of Power {lifebolt}
     4 | D        | Found the +7 mace of Variability {chaos, chain chaos}
     4 | D        | Found the +11 Singing Sword {sonic wave}
     4 | D        | Found the +8 storm bow {elec, penet}
     8 | D        | Found a blossoming altar of Fedhas.
    10 | D        | Found a transporter.
    10 | D        | Found an ancient bone altar of Kikubaaqudgha.
    10 | D        | Found a viscous altar of Jiyva.
    10 | D        | Found a corrupted altar of Lugonu.
    10 | D        | Found a hazy altar of Hepliaklqana.
    10 | D        | Found a burning altar of Makhleb.
    10 | D        | Found an opulent altar of Gozag.
    18 | D        | Reached skill level 6 in Dodging
    18 | D        | Reached XP level 2. HP: 29/29 MP: 1/1
    27 | D        | Entered arena 2.
    27 | D        | Noticed a tarantella
    27 | D        | Noticed a scorpion
    27 | D        | Found a transporter.
    28 | D        | Killed a scorpion
    29 | D        | Reached skill level 7 in Dodging
    29 | D        | Reached XP level 3. HP: 33/37 MP: 2/2
    56 | D        | Killed a tarantella
    57 | D        | Reached skill level 5 in Fighting
    57 | D        | Reached skill level 8 in Dodging
    57 | D        | Reached XP level 4. HP: 29/52 MP: 3/3
    57 | D        | Reached XP level 5. HP: 33/59 MP: 4/4
    90 | D        | Entered arena 3.
    90 | D        | Found a transporter.
    97 | D        | Reached ** piety under Trog
    99 | D        | Reached XP level 6. HP: 56/67 MP: 5/5
   133 | D        | Got the Writings on the Friendly Dead
   141 | D        | Entered arena 4.
   141 | D        | Noticed a yak
   141 | D        | Found a transporter.
   146 | D        | Killed a yak
   146 | D        | Reached *** piety under Trog
   147 | D        | Reached skill level 9 in Dodging
   151 | D        | Reached XP level 7. HP: 76/76 MP: 6/6
   171 | D        | Got the Verses on Bloody Hypothermia
   203 | D        | Entered arena 5.
   203 | D        | Found a transporter.
   206 | D        | Reached **** piety under Trog
   218 | D        | Got the +11 war axe of the Mashing Scavenger {heavy, MP+9}
   227 | D        | Entered arena 6.
   227 | D        | Noticed a merfolk
   227 | D        | Noticed a merfolk
   227 | D        | Noticed a merfolk
   227 | D        | Noticed a merfolk
   227 | D        | Noticed a merfolk
   227 | D        | Found a transporter.
   234 | D        | Slain by a merfolk

Illustrated notes

Levels and vault maps discovered:
D:        sprint_v [room_start, room_1, room_2, room_3, room_4, room_5, room_6,
          room_7, room_8, room_9, room_10, room_11, room_12, room_13, room_14,
          room_15, room_16, room_17, room_18, room_19, room_20, room_21,
          room_22, room_23, room_24, room_25, room_26, room_27]

Skill      XL: |  1  2  3  4  5  6  7 |
---------------+----------------------+-----
Dodging        | 6 7 8 9 |  9.9
Fighting       | 3 5 6 7 |  7.1
Unarmed Combat | 4 6 8 |  8.5
Evocations     | |  0.8

Action                     |  1- 3 |  4- 6 |  7- 9 || total
---------------------------+-------+-------+-------++-------
  Melee: Unarmed           |     6 |    11 |     4 ||    21
 Invoke: Berserk           |       |     2 |       ||     2
  Evoke: Wand              |     1 |     3 |     5 ||     9
    Use: Potion            |    10 |       |     3 ||    13
 Armour: Animal skin       |     1 |     1 |       ||     2
  Dodge: Dodged            |    18 |     3 |    12 ||    33

Table legend: (Time is in decaauts)
 A = Elapsed time spent in this place.
 B = Non-inter-level travel time spent in this place.
 C = Inter-level travel time spent in this place.
 D = Time resting spent in this place.
 E = Time spent auto-exploring this place.
 F = Levels seen in this place.
 G = Mean time per level.
                   A        B        C        D        E       F      G
               +--------+--------+--------+--------+--------+-----+--------+
         Total |    259 |    259 |      0 |     90 |      0 |   1 |  259.0 |
       Dungeon |    259 |    259 |      0 |     90 |      0 |   1 |  259.0 |
               +--------+--------+--------+--------+--------+-----+--------+

Top non-repeatable levels by time:
       D: 259 daAuts
